 Dungeon Crawl Stone Soup version 0.30-a0-728-gc68057be0a (webtiles) character file.

Game seed: 5638717208186507216

73 BigDaddyOpFi the Ducker (level 4, 0/31 HPs)
             Began as an Octopode Fighter on Jan 31, 2023.
             Slain by a worm (5 damage)
             ... on level 3 of the Dungeon.
             The game lasted 00:01:39 (1525 turns).

BigDaddyOpFi the Ducker (Octopode Fighter)          Turns: 1525, Time: 00:01:39

Health: 0/31       AC:  1    Str: 17    XL:     4   Next: 27%
Magic:  4/4        EV: 13    Int: 10    God:
Gold:   63         SH:  0    Dex: 11    Spells: 3/3 levels left

rFire   . . .      SeeInvis .    q - +0 triple crossbow
rCold   . . .      Faith    .    (shield currently unavailable)
rNeg    . . .      Spirit   .    (helmet restricted)
rPois   .          Reflect  .    (no amulet)
rElec   .          Harm     .    d - ring of wizardry
rCorr   .          Rampage  .    (no ring)
Will    .....                    (no ring)
Stlth   ++                       (no ring)
HPRegen 0.25/turn                (no ring)
MPRegen 0.09/turn                (no ring)
                                 (no ring)
                                 (no ring)

@: no status effects
A: almost no armour, amphibious, 8 rings, camouflage 1, gelatinous body 1,
(nimble swimmer 1), tentacles
a: no special abilities


You were on level 3 of the Dungeon.
You visited 1 branch of the dungeon, and saw 3 of its levels.

You collected 63 gold pieces.

Inventory:

Hand Weapons
 a - a +0 war axe
 q - a +0 triple crossbow (weapon)
Armour
 b - a +0 buckler
Jewellery
 d - a ring of wizardry (left tentacle)
Wands
 p - a wand of flame (21)
Scrolls
 e - a scroll of acquirement {unknown}
 g - 2 scrolls of enchant weapon {unknown}
 h - 3 scrolls of teleportation {unknown}
 i - a scroll of brand weapon {unknown}
 j - a scroll of poison {unknown}
 l - 2 scrolls of identify {unknown}
 m - a scroll of noise {unknown}
 o - a scroll of magic mapping {unknown}
Potions
 c - a potion of might
 f - a potion of ambrosia {unknown}
 k - 2 potions of attraction {unknown}
 n - a potion of resistance {unknown}


   Skills:
 + Level 3.5 Fighting
 + Level 2.8 Axes
 + Level 0.0 Ranged Weapons
 + Level 3.5 Dodging
 + Level 3.5 Shields


You had 3 spell levels left.
You didn't know any spells.
Your spell library contained the following spells:

 Spells                   Type           Power      Damage    Failure   Level
 Apportation              Tloc           0%         N/A       16%         1
 Alistair's Intoxication  Tmut/Pois      0%         N/A       98%         5


Dungeon Overview and Level Annotations

Branches:
Dungeon (3/15)

Altars:


Innate Abilities, Weirdness & Mutations

You cannot wear most types of armour.
You are amphibious.
You can wear up to eight rings at the same time.
Your skin changes colour to match your surroundings (Stealth+).
Your rubbery body absorbs attacks. (AC +1, EV +1)
((You are camouflaged when in or above water. (Stealth+)))
You have tentacles for arms and can constrict up to eight enemies at once.


Message History

Found an escape hatch in the floor.
(D) Dungeon
Where to? (Enter - D:2, ? - help)
There is a stone staircase leading down here.
You climb downwards.
Found a scroll labelled PEAT RIBBIOQ, a ring mail and a short sword.
There is a stone staircase leading up here.
There are monsters nearby!
You shoot a bolt.
The bolt hits the worm but does no damage.
An endoplasm comes into view.
The worm closely misses you.
You shoot a bolt. The bolt hits the worm.
The worm is moderately wounded.
The worm closely misses you.
You shoot a bolt. The bolt barely misses the worm.
The bolt hits the endoplasm.
The endoplasm is heavily wounded.
The worm barely misses you. The endoplasm freezes you.
You are frozen.
The worm bites you!
You shoot a bolt. The bolt hits the endoplasm!!
You kill the endoplasm!
The endoplasm hits you. x2; The worm barely misses you.
The endoplasm completely misses you.
You are too injured to fight recklessly!
You are too injured to fight recklessly!
You are too injured to fight recklessly!
You are too injured to fight recklessly!
You don't know any spells.
Sorry, you're not good enough to have a special ability.
Fire: q) +0 triple crossbow
Press: ? - help, Q - select action, (/) - cycle Shift-Dir - straight line, f - worm
Aim: a worm (lightly wounded, 72% to hit)
You shoot a bolt. The bolt hits the worm.
The worm is moderately wounded.
The endoplasm freezes you.
You are frozen.
The worm bites you!
* * * LOW HITPOINT WARNING * * *
The endoplasm barely misses you. The worm bites you.
You die...

.... ...#
...### # .....
#. ...##
#.###.##....#
........w.#
#.....@..#
#..?...J..#
#...........#
............#
#......[......
#..............
.........##)...
.......... ....


You could see a worm and an endoplasm.

Vanquished Creatures
  2 adders (D:2)
  2 dart slugs
  2 worms (D:2)
  4 bats
  5 endoplasms
  2 giant cockroaches (D:2)
  4 goblins
  4 hobgoblins
  2 quokkas
  7 ball pythons
  3 frilled lizards (D:1)
  4 kobolds
  5 rats
46 creatures vanquished.

Notes
Turn   | Place    | Note
-------+----------+-------------------------------------------
     0 | D:1      | BigDaddyOpFi the Octopode Fighter began the quest for the
                  | Orb.
     0 | D:1      | Reached XP level 1. HP: 16/16 MP: 1/1
    52 | D:1      | Reached XP level 2. HP: 14/21 MP: 2/2
   448 | D:1      | Reached XP level 3. HP: 24/26 MP: 3/3
  1192 | D:2      | Reached XP level 4. HP: 31/31 MP: 4/4
  1525 | D:3      | Slain by a worm

Illustrated notes

Levels and vault maps discovered:
D:1:      lemuel_arrival_tunnels, layout_rooms
D:2:      minmay_skewed_foursquare, layout_basic, grunt_ministairs_6
D:3:      layout_rooms, basic_ecumenical_altar

Action                     |  1- 3 |  4- 6 || total
---------------------------+-------+-------++-------
  Melee: War axe           |    70 |     1 ||    71
         Tentacles         |     9 |       ||     9
         Constrict         |    16 |       ||    16
   Fire: Triple crossbow   |       |    13 ||    13
   Stab: Sleeping          |     4 |       ||     4
 Armour: Skin              |     9 |       ||     9
  Dodge: Dodged            |    41 |     8 ||    49
  Block: Buckler           |    16 |       ||    16

Table legend: (Time is in decaauts)
 A = Elapsed time spent in this place.
 B = Non-inter-level travel time spent in this place.
 C = Inter-level travel time spent in this place.
 D = Time resting spent in this place.
 E = Time spent auto-exploring this place.
 F = Levels seen in this place.
 G = Mean time per level.
                   A        B        C        D        E       F      G
               +--------+--------+--------+--------+--------+-----+--------+
         Total |   1568 |   1521 |     47 |      0 |   1229 |   3 |  522.7 |
       Dungeon |   1568 |   1521 |     47 |      0 |   1229 |   3 |  522.7 |
               +--------+--------+--------+--------+--------+-----+--------+

Top non-repeatable levels by time:
     D:2: 959 daAuts
     D:1: 598 daAuts
     D:3: 9 daAuts
